Map: Rainfall LE

Players

krimpus - Winner!

  • Race: Protoss Protoss
  • League: Diamond
  • Spawn Location: 5:00

A.I. 1 (Very Easy)

  • Race: Protoss Protoss
  • Spawn Location: 11:00

VOD

Have the link to the VOD?

Description

Time

  • Played on: July 5, 2026, 6:55 p.m.
  • Length: 8:23
Show
View Real Time Build Order
Export as new Build Order

krimpus Protoss - Winner!

Build Orders:  

Get SALT Encoding   

  8  0:00  Probe (Chrono Boost)  
  9  0:12  Probe (Chrono Boost)  
  10  0:19  Probe (Chrono Boost)  
  11  0:26  Probe  
  12  0:36  Pylon  
  12  0:38  Probe  
  13  0:54  Probe  
  14  0:59  Gateway  
  14  1:06  Probe (Chrono Boost)  
  15  1:17  Probe (Chrono Boost)  
  16  1:22  Probe (Chrono Boost)  
  17  1:32  Probe  
  18  1:46  Nexus  
  18  1:53  Assimilator  
  18  1:54  Probe  
  19  2:07  Probe  
  19  2:08  Cybernetics Core  
  20  2:13  Pylon  
  20  2:19  Probe  
  21  2:23  Assimilator  
  21  2:31  Probe  
  22  2:43  Adept, Probe (Chrono Boost)  
  25  2:55  Probe (Chrono Boost)  
  26  3:03  Probe (Chrono Boost)  
  26  3:05  Probe (Chrono Boost)  
  28  3:10  Stargate  
  28  3:11  Probe (Chrono Boost)  
  30  3:14  Probe (Chrono Boost)  
  30  3:16  Probe (Chrono Boost)  
  31  3:22  Probe  
  31  3:23  Pylon  
  31  3:24  Adept  
  34  3:27  Probe  
  34  3:29  Assimilator  
  35  3:34  Assimilator  
  35  3:39  Probe x2 (Chrono Boost)  
  37  3:51  Probe (Chrono Boost)  
  37  3:54  Probe (Chrono Boost)  
  39  3:56  Probe (Chrono Boost), Void Ray (Chrono Boost)  
  39  4:01  Probe  
  45  4:09  Probe  
  46  4:10  Gateway  
  46  4:13  Probe  
  46  4:15  Pylon  
  47  4:21  Probe  
  48  4:25  Probe  
  49  4:33  Probe  
  49  4:37  Void Ray (Chrono Boost), Probe  
  55  4:38  Cybernetics Core  
  55  4:49  Fleet Beacon  
  55  4:53  Probe x2  
  55  4:58  Stargate  
  57  5:05  Probe  
  58  5:15  Pylon  
  58  5:16  Pylon  
  58  5:18  Protoss Air Weapons Level 1  
  60  5:36  Probe (Chrono Boost)  
  60  5:42  Nexus, Mothership (Chrono Boost)  
  67  5:45  Pylon  
  67  5:47  Adept  
  70  5:51  Probe (Chrono Boost)  
  76  6:07  Pylon  
  76  6:09  Pylon  
  76  6:11  Carrier (Chrono Boost)  
  76  6:12  Carrier (Chrono Boost)  
  83  6:25  Probe  
  83  7:00  Forge  
  83  7:08  Carrier  
  89  7:09  Carrier  
  89  7:10  Shield Battery  
  89  7:12  Probe x3  
  98  7:24  Probe x3  
  101  7:36  Probe x2  
  103  7:39  Shield Battery  
  103  7:40  Photon Cannon  
  103  7:41  Photon Cannon  
  103  7:45  Pylon  
  103  8:02  Probe x3  
  106  8:08  Assimilator  
  112  8:12  Assimilator  
  112  8:18  Photon Cannon  
  119  8:20  Photon Cannon  
  119  8:21  Shield Battery  
Show
View Real Time Build Order
Export as new Build Order

A.I. 1 (Very Easy) Protoss 

Build Orders:  

Get SALT Encoding   

  8  0:00  Probe  
  9  0:13  Probe  
  10  0:25  Probe  
  11  0:37  Probe  
  12  0:47  Pylon  
  12  0:49  Probe  
  13  1:01  Probe  
  13  1:06  Assimilator  
  14  1:11  Gateway  
  14  1:16  Pylon  
  14  1:44  Assimilator  
  14  1:54  Probe  
  14  1:59  Cybernetics Core  
  14  2:00  Zealot  
  17  2:02  Probe  
  18  2:10  Probe  
  19  2:19  Probe  
  20  2:27  Warp Gate  
  20  2:31  Probe  
  20  2:33  Pylon  
  21  2:43  Probe  
  22  3:08  Stalker  
  24  6:58  Probe  
  24  7:03  Adept  
  24  7:06  Robotics Facility, Probe  
  27  7:09  Nexus  
  27  7:14  Probe  
  28  7:15  Pylon  
  28  7:22  Probe  
  30  7:30  Probe  
  31  7:37  Stalker  
  31  7:38  Probe  
  31  7:41  Pylon  
  34  7:50  Probe  
  27  7:54  Observer  
  23  8:02  Probe  
  8  8:06  Zealot  
Tags
 
League
Diamond
Matchup
PvP
Spawn Locations
Cross Positions
Add a new tag
Caveats
  • Supply blocks, unpowered buildings, or Contaminate may cause inaccurate times.
  • Supply counts are checked every 10 seconds.